 Dungeon Crawl Stone Soup version 0.29.0-4-gdea44cf6ec (webtiles) character file.

Game seed: 5042686527603720020

955 qw the Cleaver (level 8, 0/50 HPs)
             Began as a Gargoyle Berserker on Sept 7, 2022.
             Was a Priest of Trog.
             Slain by Duvessa
             ... wielding a +0 short sword
              (4 damage)
             ... on level 5 of the Dungeon.
             The game lasted 00:02:24 (6317 turns).

qw the Cleaver (Gargoyle Berserker)                 Turns: 6317, Time: 00:02:25

Health: 0/50       AC: 13    Str: 23    XL:     8   Next: 14%
Magic:  8/8        EV: 11    Int:  8    God:    Trog [***...]
Gold:   415        SH:  0    Dex:  9    Spells: 7/7 levels left

rFire   . . .      SeeInvis .   d - +0 war axe
rCold   . . .      Faith    .   (no shield)
rNeg    + . .      Spirit   .   e - +0 ring mail
rPois   inf        Reflect  .   (no helmet)
rElec   +          Harm     .   (no cloak)
rCorr   .          Rampage  .   l - +1 pair of gloves
Will    .....                   (no boots)
Stlth   ..........              (no amulet)
HPRegen 0.16/turn               (no ring)
MPRegen 0.11/turn               (no ring)

@: on berserk cooldown, slowed, very slow
A: sickness immunity, AC +5, negative energy resistance 1, electricity
resistance, torment resistance 1, petrification resistance
a: Renounce Religion, Berserk, Trog's Hand


You were on level 5 of the Dungeon.
You worshipped Trog.
Trog was most pleased with you.
You visited 1 branch of the dungeon, and saw 5 of its levels.

You collected 415 gold pieces.


Innate Abilities, Weirdness & Mutations

You are immune to sickness and miasma.
Your stone body is resilient. (AC +5)
You are immune to poison.
You resist negative energy. (rN+)
You are resistant to electric shocks. (rElec)
You are resistant to unholy torment.
You are immune to petrification.


   Skills:
 + Level 5.4 Fighting
 - Level 8.0 Axes
 - Level 2.1 Armour
 - Level 1.5 Dodging


You had 7 spell levels left.
You didn't know any spells.
Your spell library was empty.

Inventory:

Hand Weapons
 c - a +0 morningstar
 d - a +0 war axe (weapon)
Armour
 b - a +0 plate armour
 e - a +0 ring mail (worn)
 l - a +1 pair of gloves (worn)
Scrolls
 a - a scroll of identify
Potions
 f - a potion of might
 g - a potion of curing
 h - a potion of haste
 i - a potion of degeneration {unknown}
 j - a potion of lignification {unknown}
 n - a potion of resistance

Dungeon Overview and Level Annotations

Branches:
Dungeon (5/15)
 Temple: D:4-7

Altars:

Annotations:
D:4 1 runed translucent door, Crazy Yiuf
D:5 Duvessa


Message History

Duvessa is moderately wounded.
Duvessa hits you but does no damage. x2
You hit Duvessa but do no damage.
Duvessa is moderately wounded.
Duvessa hits you but does no damage. x2; Duvessa closely misses you.
You slash Duvessa!
Duvessa is heavily wounded.
Duvessa completely misses you. Duvessa closely misses you.
You barely miss Duvessa.
Duvessa is heavily wounded.
Duvessa hits you but does no damage. x2; Duvessa barely misses you.
You hit Duvessa but do no damage.
Duvessa is heavily wounded.
Duvessa hits you but does no damage. Duvessa hits you with a +0 short sword.
You hit Duvessa but do no damage.
Duvessa is heavily wounded.
Duvessa hits you but does no damage. Duvessa hits you with a +0 short sword!
Duvessa closely misses you.
You slash Duvessa!
Duvessa is severely wounded.
You are no longer glowing.
Duvessa hits you but does no damage. Duvessa barely misses you.
You hit Duvessa but do no damage.
Duvessa is severely wounded.
Duvessa barely misses you. Duvessa hits you with a +0 short sword.
Duvessa misses you.
You closely miss Duvessa.
Duvessa is severely wounded.
Duvessa hits you but does no damage. x2
You barely miss Duvessa.
Duvessa is severely wounded.
Duvessa barely misses you. Duvessa hits you but does no damage.
Duvessa hits you with a +0 short sword!
You barely miss Duvessa.
Duvessa is severely wounded.
Duvessa barely misses you. x2
You barely miss Duvessa.
Duvessa is severely wounded.
Duvessa hits you with a +0 short sword.
You die...

########
########).....#
#......[)####.######
..#####..###.......#
#@)#.....###.#
#...e.......###.###
.....##..............#
.... ...........#.#.#
... .............###
.. ##...)........# #
#............#
#............#
...###)...#


You could see Duvessa (berserk, fast).

Vanquished Creatures
  2 ogres (D:5)
  2 kobold brigands (D:4)
  A scorpion (D:5)
  A necrophage (D:4)
  Dowan (D:5)
  A hound (D:5)
  4 iguanas
  An orc wizard (D:5)
  14 gnolls
  4 adders
  A shadow imp (D:5)
  2 worms
  2 dart slugs
  10 orcs
  3 ball pythons
  7 bats
  9 endoplasms
  2 giant cockroaches
  5 goblins
  11 hobgoblins
  4 jackals (D:3)
  4 quokkas
  7 frilled lizards
  47 kobolds
  8 rats
153 creatures vanquished.

Vanquished Creatures (others)
  A plant (D:5)
1 creature vanquished.

Grand Total: 154 creatures vanquished

Notes
Turn   | Place    | Note
-------+----------+-------------------------------------------
     0 | D:1      | qw the Gargoyle Berserker began the quest for the Orb.
     0 | D:1      | Reached XP level 1. HP: 14/14 MP: 1/1
     0 | D:1      | 0 ||| qw: Version: 0.1-a-108-g9e35731
     0 | D:1      | 0 ||| qw: Game counter: 6487
     0 | D:1      | 0 ||| qw: Always use a shield: true
     0 | D:1      | 0 ||| qw: Do Orc after D:15 true
     0 | D:1      | 0 ||| qw: Do second Lair branch before Depths: true
     0 | D:1      | 0 ||| qw: Lair rune preference: random
     0 | D:1      | 0 ||| qw: Plans: Normal
     0 | D:1      | 0 ||| PLANNING D:1-11
   146 | D:1      | 146 ||| Stepping ~*~*~tactically~*~*~ (hiding).
   155 | D:1      | Reached skill level 3 in Axes
   283 | D:1      | Reached XP level 2. HP: 11/19 MP: 2/2
   425 | D:1      | 425 ||| Stepping ~*~*~tactically~*~*~ (stealth).
   440 | D:1      | 440 ||| Stepping ~*~*~tactically~*~*~ (stealth).
   441 | D:1      | 441 ||| Stepping ~*~*~tactically~*~*~ (stealth).
   442 | D:1      | 442 ||| Stepping ~*~*~tactically~*~*~ (stealth).
   452 | D:1      | 452 ||| Stepping ~*~*~tactically~*~*~ (stealth).
   631 | D:1      | 631 ||| INVOKING Berserk.
   632 | D:1      | 632 ||| INVOKING Berserk.
   636 | D:1      | Reached XP level 3. HP: 23/23 MP: 3/3
   865 | D:1      | 865 ||| Stepping ~*~*~tactically~*~*~ (stealth).
   867 | D:1      | 867 ||| Stepping ~*~*~tactically~*~*~ (stealth).
  1279 | D:1      | 1279 ||| UPGRADING to +0 pair of gloves.
  1284 | D:1      | 1284 ||| READING 3 scrolls labelled LAUCUE OWESAPP.
  1285 | D:1      | 1285 ||| READING scroll labelled DUYCLIE INGU.
  1286 | D:1      | 1286 ||| READING 2 scrolls labelled LINE KEOPTO.
  1289 | D:1      | 1289 ||| READING 2 scrolls labelled JEUNY PIALIMIXT.
  1290 | D:1      | 1290 ||| READING 2 scrolls of identify.
  1290 | D:1      | 1290 ||| IDENTIFYING fuming sapphire potion
  1291 | D:1      | 1291 ||| DROPPING potion of attraction.
  1292 | D:1      | 1292 ||| DROPPING scroll of immolation.
  1367 | D:2      | Reached skill level 4 in Axes
  1389 | D:2      | 1389 ||| INVOKING Berserk.
  1647 | D:2      | 1647 ||| Stepping ~*~*~tactically~*~*~ (stealth).
  1649 | D:2      | HP: 5/23 [frozen (3)]
  1650 | D:2      | 1650 ||| READING scroll of teleportation.
  1651 | D:2      | 1651 ||| INVOKING Berserk.
  1654 | D:2      | Reached XP level 4. HP: 10/28 MP: 4/4
  1659 | D:2      | HP: 5/28 [rat (2)]
  2010 | D:2      | 2010 ||| INVOKING Berserk.
  2132 | D:2      | 2132 ||| Stepping ~*~*~tactically~*~*~ (hiding).
  2133 | D:2      | 2133 ||| Stepping ~*~*~tactically~*~*~ (hiding).
  2482 | D:2      | 2482 ||| READING scroll labelled KYNOST EWKE.
  2483 | D:2      | 2483 ||| READING 3 scrolls labelled OKIPTO HYKYXUMP.
  2484 | D:2      | 2484 ||| READING scroll labelled SEPTAG EBEBLE.
  2485 | D:2      | 2485 ||| DRINKING 2 pink potions.
  2486 | D:2      | 2486 ||| DRINKING 2 ruby potions.
  2487 | D:2      | 2487 ||| READING 2 scrolls of identify.
  2487 | D:2      | 2487 ||| IDENTIFYING fizzy pink potion
  2488 | D:2      | 2488 ||| DROPPING 2 scrolls of poison.
  2509 | D:3      | 2509 ||| STAIRDANCE
  2687 | D:3      | Reached skill level 5 in Axes
  2748 | D:3      | 2748 ||| Stepping ~*~*~tactically~*~*~ (hiding).
  2754 | D:3      | 2754 ||| Stepping ~*~*~tactically~*~*~ (stealth).
  2767 | D:3      | 2767 ||| INVOKING Berserk.
  2770 | D:3      | Reached XP level 5. HP: 15/32 MP: 5/5
  2777 | D:3      | HP: 8/32 [kobold/+0 dagger (3)]
  2778 | D:3      | 2778 ||| DRINKING potion of heal wounds.
  2838 | D:3      | 2838 ||| Stepping ~*~*~tactically~*~*~ (stealth).
  2840 | D:3      | 2840 ||| Stepping ~*~*~tactically~*~*~ (stealth).
  2849 | D:3      | Reached ** piety under Trog
  2910 | D:3      | 2910 ||| Stepping ~*~*~tactically~*~*~ (stealth).
  2911 | D:3      | 2911 ||| Stepping ~*~*~tactically~*~*~ (stealth).
  3012 | D:3      | Identified the +1 spear of the Curious Bones {elec, SInv}
  3089 | D:3      | 3089 ||| READING scroll of enchant armour.
  3089 | D:3      | 3089 ||| ENCHANTING +0 pair of gloves.
  3139 | D:3      | 3139 ||| INVOKING Berserk.
  3250 | D:3      | 3250 ||| INVOKING Berserk.
  3737 | D:3      | 3737 ||| Stepping ~*~*~tactically~*~*~ (stealth).
  3738 | D:3      | 3738 ||| Stepping ~*~*~tactically~*~*~ (stealth).
  3783 | D:3      | 3783 ||| UPGRADING to +0 ring mail.
  3793 | D:3      | 3793 ||| DROPPING +0 animal skin.
  3794 | D:3      | 3794 ||| READING scroll labelled IFAR MEKHLEMU.
  3795 | D:3      | 3795 ||| READING 3 scrolls of identify.
  3795 | D:3      | 3795 ||| IDENTIFYING viscous green potion
  3796 | D:3      | 3796 ||| READING 2 scrolls of identify.
  3796 | D:3      | 3796 ||| IDENTIFYING golden potion
  3797 | D:3      | 3797 ||| DROPPING potion of flight.
  3881 | D:4      | Reached XP level 6. HP: 38/38 MP: 6/6
  3985 | D:4      | 3985 ||| Stepping ~*~*~tactically~*~*~ (hiding).
  3994 | D:4      | 3994 ||| INVOKING Berserk.
  4333 | D:4      | 4333 ||| Stepping ~*~*~tactically~*~*~ (stealth).
  4367 | D:4      | 4367 ||| Stepping ~*~*~tactically~*~*~ (stealth).
  4370 | D:4      | 4370 ||| INVOKING Berserk.
  4575 | D:4      | 4575 ||| Stepping ~*~*~tactically~*~*~ (hiding).
  4576 | D:4      | 4576 ||| INVOKING Berserk.
  4587 | D:4      | Reached skill level 6 in Axes
  4689 | D:4      | 4689 ||| Stepping ~*~*~tactically~*~*~ (stealth).
  4742 | D:4      | 4742 ||| Stepping ~*~*~tactically~*~*~ (stealth).
  4743 | D:4      | 4743 ||| Stepping ~*~*~tactically~*~*~ (stealth).
  4749 | D:4      | 4749 ||| Stepping ~*~*~tactically~*~*~ (stealth).
  4820 | D:4      | 4820 ||| INVOKING Berserk.
  4902 | D:4      | 4902 ||| Stepping ~*~*~tactically~*~*~ (stealth).
  4937 | D:4      | Reached *** piety under Trog
  4939 | D:4      | Reached XP level 7. HP: 41/43 MP: 7/7
  5074 | D:4      | Reached skill level 7 in Axes
  5112 | D:4      | 5112 ||| Stepping ~*~*~tactically~*~*~ (stealth).
  5131 | D:4      | 5131 ||| Stepping ~*~*~tactically~*~*~ (stealth).
  5447 | D:4      | Found a runed translucent door.
  5448 | D:4      | Noticed Crazy Yiuf
  5705 | D:4      | 5705 ||| DROPPING amulet of faith.
  5706 | D:4      | 5706 ||| DRINKING 2 bubbling white potions.
  5707 | D:4      | 5707 ||| READING 2 scrolls of identify.
  5707 | D:4      | 5707 ||| IDENTIFYING silvery potion
  5708 | D:4      | 5708 ||| DROPPING potion of invisibility.
  5757 | D:5      | Entered Level 5 of the Dungeon
  5972 | D:5      | 5972 ||| INVOKING Berserk.
  6018 | D:5      | 6018 ||| Stepping ~*~*~tactically~*~*~ (stealth).
  6074 | D:5      | 6074 ||| Stepping ~*~*~tactically~*~*~ (hiding).
  6127 | D:5      | 6127 ||| Stepping ~*~*~tactically~*~*~ (stealth).
  6129 | D:5      | 6129 ||| INVOKING Berserk.
  6134 | D:5      | Reached XP level 8. HP: 49/49 MP: 8/8
  6196 | D:5      | 6196 ||| SWAPPING to +0 war axe.
  6197 | D:5      | 6197 ||| DROPPING +0 hand axe.
  6227 | D:5      | Reached skill level 8 in Axes
  6273 | D:5      | Noticed Duvessa
  6274 | D:5      | 6274 ||| Stepping ~*~*~tactically~*~*~ (stealth).
  6289 | D:5      | Noticed Dowan
  6291 | D:5      | 6291 ||| INVOKING Berserk.
  6301 | D:5      | Killed Dowan
  6315 | D:5      | HP: 4/50 [Duvessa/+0 short sword (11)]
  6317 | D:5      | Slain by Duvessa

Levels and vault maps discovered:
D:1:      onia_arrival_mini_spirals, layout_basic, minivault_24
D:2:      layout_rooms, ebering_dispersal_statue_hall
D:3:      layout_loops_cross, grunt_ministairs_9, glass_columns_a,
          chequers_serial_rivers_large_b, amethyst_killhole
D:4:      minmay_goblin_kobold_castle, layout_gridville, uniq_crazy_yiuf_cottage
D:5:      layout_loops_cross, mainiacjoe_overflow_alcove_2, elyvilon_altar_1,
          uniq_duvessa

Skill      XL: |  1  2  3  4  5  6  7  8 |
---------------+-------------------------+-----
Axes           | 3 4 5 6 7 8 |  8.0
Fighting       | 4 5 |  5.4
Armour         | |  2.1
Dodging        | |  1.5

Action                   |  1- 3 |  4- 6 |  7- 9 || total
-------------------------+-------+-------+-------++-------
Melee: Hand axe          |    68 |   272 |   136 ||   476
       Punch             |     1 |     2 |     3 ||     6
       War axe           |       |       |    39 ||    39
Throw: Boomerang         |    13 |    30 |       ||    43
Invok: Berserk           |     3 |     8 |     3 ||    14
  Use: Scroll            |     6 |     8 |     1 ||    15
       Potion            |       |     3 |     1 ||     4
Armor: Animal skin       |    14 |    41 |       ||    55
       Ring mail         |       |    49 |    85 ||   134
Dodge: Dodged            |    34 |   149 |    86 ||   269

Table legend:
 A = Non-vault XP
 B = Vault XP
 C = Vault XP percentage of total XP
 D = Non-vault monster count
 E = Vault monster count
 F = Vault count percentage of total count
                 A         B        C        D         E       F
            +---------+---------+-------+---------+---------+-------
      Total |     897 |     468 |  34.3 |      97 |      56 |  36.6
            +---------+---------+-------+---------+---------+-------
        D:1 |      51 |       0 |   0.0 |      21 |       0 |   0.0
        D:2 |      98 |       0 |   0.0 |      23 |       0 |   0.0
        D:3 |      96 |       3 |   3.0 |      28 |       2 |   6.7
        D:4 |     183 |     396 |  68.4 |      11 |      53 |  82.8
        D:5 |     469 |      69 |  12.8 |      14 |       1 |   6.7
            +---------+---------+-------+---------+---------+-------
